 Dungeon Crawl Stone Soup version 0.29.0-11-gd7f09526c8 (webtiles) character file.

Game seed: 13569629958534102064

60 snetch the Digger (level 4, -1/34 HPs)
             Began as a Meteoran Earth Elementalist on Sept 3, 2022.
             Was a Believer of Lugonu.
             Succumbed to a goblin's poison
             ... on level 2 of the Dungeon.
             The game lasted 00:07:20 (894 turns).

snetch the Digger (Meteoran Earth Elementalist)      Turns: 894, Time: 00:07:21

Health: -1/34      AC:  8    Str:  9    XL:     4   Next: 50%
Magic:  10/10      EV:  8    Int: 18    God:    Lugonu [**....]
Gold:   108        SH:  0    Dex: 15    Spells: 3/10 levels left

rFire   . . .      SeeInvis .   m - +1 short sword (venom)
rCold   . . .      Faith    .   (no shield)
rNeg    . . .      Spirit   .   h - +0 scale mail
rPois   .          Reflect  .   (no helmet)
rElec   .          Harm     .   (no cloak)
rCorr   .          Rampage  .   n - +1 pair of gloves
Will    .....                   (no boots)
Stlth   ..........              (no amulet)
HPRegen 0.11/turn               (no ring)
MPRegen 0.12/turn               (no ring)

@: lethally poisoned (-1 -> -18), glowing
A: sense surroundings 1, otherworldly, glowing, explore regen
a: Renounce Religion, Depart the Abyss, Bend Space


You were on level 2 of the Dungeon.
You worshipped Lugonu.
Lugonu was pleased with you.
You visited 1 branch of the dungeon, and saw 2 of its levels.

You collected 108 gold pieces.

Inventory:

Hand Weapons
 m - a +1 short sword of venom (weapon)
 o - a +0 hand axe
Armour
 h - a +0 scale mail (worn)
 n - a +1 pair of gloves (worn)
Jewellery
 g - a ring of ice
 j - a ring of fire
Scrolls
 a - a scroll of amnesia {unknown}
 i - 2 scrolls of identify {unknown}
 k - a scroll of fear {unknown}
 q - a scroll of teleportation {unknown}
 r - a scroll of butterflies {unknown}
Potions
 b - a potion of magic
 c - a potion of degeneration {unknown}
 d - a potion of curing {unknown}
 e - a potion of might {unknown}
 f - 2 potions of heal wounds
 l - a potion of brilliance {unknown}
 p - 2 potions of haste {unknown}


   Skills:
 + Level 0.9 Fighting
 + Level 1.5 Short Blades
 + Level 0.5 Armour
 + Level 2.6 Dodging
 + Level 1.4 Stealth
 + Level 3.7 Spellcasting
 + Level 1.2 Transmutations
 + Level 4.2 Earth Magic


You had 3 spell levels left.
You knew the following spells:

 Your Spells              Type           Power      Damage    Failure   Level
a - Sandblast             Erth           36%        2d10      22%         1
b - Stone Arrow           Conj/Erth      22%        3d8       85%         3
c - Swiftness             Air            3%         N/A       98%         3

Your spell library contained the following spells:

 Spells                   Type           Power      Damage    Failure   Level
 Passwall                 Tmut/Erth      10%        N/A       52%         2
 Sting                    Tmut/Pois      20%        1d4       69%         1
 Wereblood                Tmut           7%         N/A       75%         2
 Ensorcelled Hibernation  Hex/Ice        6%         N/A       88%         2
 Poisonous Vapours        Pois/Air       6%         N/A       88%         2
 Sublimation of Blood     Necr           3%         N/A       88%         2
 Petrify                  Tmut/Erth      13%        N/A       99%         4
 Olgreb's Toxic Radiance  Pois           3%         N/A       100%        4
 Summon Hydra             Summ           1%         N/A       100%        7


Dungeon Overview and Level Annotations

Branches:
Dungeon (2/15) Zot: 301

Altars:
Lugonu

Annotations:
D:2 Robin


Innate Abilities, Weirdness & Mutations

You passively map a small area around you.
You are easily found by Zot.
You glow in the dark.
You regain HP and MP as you explore.


Message History

The goblin hits you with a +0 club. The goblin hits you but does no damage.
You hit the goblin.
The goblin is severely wounded.
The hobgoblin hits you but does no damage.
The goblin hits you with a +0 club. The goblin barely misses you.
You hit the goblin.
You kill the goblin!
Lugonu accepts your kill.
The hobgoblin hits you but does no damage.
The goblin hits you but does no damage.
You closely miss the goblin. Robin throws the goblin at you!
The hobgoblin hits you but does no damage.
The goblin hits you but does no damage.
The goblin unwields a +0 sling.
The goblin wields a +0 club.
The goblin hits you but does no damage.
You barely miss the goblin.
Robin roars a battlecry!
The goblins go into a battle-frenzy!
The hobgoblin hits you but does no damage.
The goblin barely misses you. The goblin hits you with a +0 club.
You hit the goblin.
You kill the goblin!
Lugonu accepts your kill. Robin hits you but does no damage.
The hobgoblin hits you. The goblin barely misses you.
You hit the goblin.
You kill the goblin!
Lugonu accepts your kill. Robin throws the goblin at you!
The hobgoblin completely misses you.
The goblin hits you with a runed dagger.
* * * LOW HITPOINT WARNING * * *
You are poisoned.
You barely miss the goblin.
* * * LOW HITPOINT WARNING * * *
You feel sick. Robin closely misses you. The hobgoblin hits you.
* * * LOW HITPOINT WARNING * * *
The goblin hits you but does no damage.
You are more poisoned.
Unknown command.
You barely miss the goblin.
You die...

.# ,# #.# * * * .# .#
#.# * .### .## * #.#
....>... #.# ,
#####.#.#.###.## ####
,** ##.#
#..##..g##ggg.# ,*
###.## #[....)..ggg..
.....###..##..g#####g
#####.#.#.###ggg@)#
** ##.##.# #####g#* *
#.##.#### #.#
#.......####.##.##.
#.##.##............#
#.##.........#######
#.######.##### #..
...# *** #.#* #####


You could see Robin, 3 hobgoblins and a goblin (strong).

Vanquished Creatures
  An adder (D:2)
  2 dart slugs
  3 ball pythons
  6 endoplasms
  2 giant cockroaches (D:1)
  5 hobgoblins
  4 bats
  2 frilled lizards
  10 goblins
  5 kobolds
  4 rats (D:1)
44 creatures vanquished.

Notes
Turn   | Place    | Note
-------+----------+-------------------------------------------
     0 | D:1      | snetch the Meteoran Earth Elementalist began the quest for
                  | the Orb.
     0 | D:1      | Reached XP level 1. HP: 14/14 MP: 5/5
    62 | D:1      | Reached XP level 2. HP: 12/20 MP: 6/6
    84 | D:1      | Reached skill level 4 in Earth Magic
   248 | D:1      | Reached XP level 3. HP: 23/27 MP: 6/8
   328 | D:1      | Reached skill level 1 in Short Blades
   498 | D:1      | Glimpsed the power of Zot.
   521 | D:1      | Found a faded altar of an unknown god.
   531 | D:1      | Prayed at the altar of an unknown god.
   531 | D:1      | Became a worshipper of Lugonu the Unformed
   531 | D:1      | Reached * piety under Lugonu
   531 | D:1      | Reached ** piety under Lugonu
   548 | D:1      | Glimpsed the power of Zot.
   556 | D:1      | Learned a level 3 spell: Stone Arrow
   560 | D:1      | Learned a level 3 spell: Swiftness
   655 | D:2      | HP: 1/27 [dart slug/slug dart (4)]
   665 | D:2      | Reached XP level 4. HP: 27/34 MP: 10/10
   869 | D:2      | Noticed Robin
   894 | D:2      | Succumbed to a goblin's poison

Illustrated notes

Levels and vault maps discovered:
D:1:      lightli_arrival_flooded_house, layout_loops_ring,
          shapermc_ecumenical_altar_mp_urbaneastern, minmay_cut_off
D:2:      layout_loops_ring, uniq_robin

Skill      XL: |  1  2  3 |
---------------+----------+-----
Spellcasting   | 3 |  3.7
Earth Magic    | 4 |  4.2
Short Blades   | 1 |  1.5
Fighting       | |  0.9
Armour         | |  0.5
Dodging        | |  2.6
Stealth        | |  1.4
Transmutations | |  1.2

Action                   |  1- 3 |  4- 6 || total
-------------------------+-------+-------++-------
Melee: Dagger            |    98 |       ||    98
       Punch             |     2 |       ||     2
       Unarmed           |     1 |       ||     1
       Short sword       |       |    36 ||    36
 Cast: Sandblast         |    10 |     1 ||    11
  Use: Potion            |     1 |       ||     1
Armor: Robe              |    17 |       ||    17
       Scale mail        |     9 |    32 ||    41
Dodge: Dodged            |    31 |    18 ||    49
